 Dungeon Crawl Stone Soup version 0.31-a0-806-g0bc164a743 (webtiles) character file.

Game seed: 7405600222140171820

10157 lunkers the Grappler (level 12, -8/104 HPs)
             Began as a Meteoran Shapeshifter on Sept 19, 2023.
             Was a High Priest of Okawaru.
             Mangled by a naga
             ... wielding a +0 mace
              (18 damage)
             ... on level 2 of the Lair of Beasts on Sept 20, 2023.
             The game lasted 00:11:06 (4640 turns).

lunkers the Grappler (Meteoran Shapeshifter)        Turns: 4640, Time: 00:11:07

Health: -8/104     AC: 11    Str: 19    XL:     12   Next: 15%
Magic:  17/17      EV: 16    Int: 11    God:    Okawaru [*****.]
Gold:   603        SH:  0    Dex: 17    Spells: 11/11 levels left

rFire   . .          .
                       - Unarmed
rCold   . . .        (no shield)
rNeg    + . .        i - +1 ring mail
rPois   .            (helmet currently unavailable)
rElec   .            (cloak currently unavailable)
rCorr   .            (gloves currently unavailable)
SInv    .            (boots currently unavailable)
Will    +....        o - amulet of faith
Stlth   +            n - +4 ring of protection
HPRegen 0.37/turn    f - ring of positive energy
MPRegen 0.15/turn

%: faith
@: lethally poisoned (-8 -> -12), about to teleport, beast-form, heroic,
glowing, constricted
A: beast (slay +4), sense surroundings 2, otherworldly, glowing, explore regen
a: Begin Untransformation, Renounce Religion, Heroism, Finesse, Duel


You were on level 2 of the Lair of Beasts.
You worshipped Okawaru.
Okawaru was extremely pleased with you.
You were a hulking beast.
You visited 3 branches of the dungeon, and saw 11 of its levels.
You also visited: Sewer.

You collected 603 gold pieces.

Inventory:

Missiles
 A - 2 javelins
Armour
 a - a +0 animal skin
 i - a +1 ring mail (worn)
 l - a +0 pair of boots
Jewellery
 f - a ring of positive energy (right hand)
 n - a +4 ring of protection (left hand)
 o - an amulet of faith (around neck)
 y - a ring of protection from fire
Talismans
 c - a beast talisman (active)
 d - a flux talisman
 h - a talisman of death
Wands
 b - a wand of iceblast (10)
 m - a wand of digging (2)
 r - a wand of flame (18)
Scrolls
 e - 4 scrolls of teleportation
 j - a scroll of amnesia
 p - a scroll of enchant armour
 q - a scroll of revelation
 t - 3 scrolls of identify
 u - a scroll of enchant weapon
 x - a scroll of fog
Potions
 g - 3 potions of haste
 k - a potion of attraction
 s - 2 potions of might
 v - a potion of invisibility
 z - a potion of curing


   Skills:
 + Level 9.1(14.1) Fighting
 + Level 9.3(14.3) Dodging
 * Level 14.5(19.5) Unarmed Combat
 + Level 5.6 Invocations
 + Level 10.1 Shapeshifting


You had 11 spell levels left.
You didn't know any spells.
Your spell library contained the following spells:

 Spells                   Type           Power      Damage    Failure   Level
 Necrotise                Necr           0%         1d4       52%         1
 Ensorcelled Hibernation  Hex/Ice        0%         N/A       65%         2
 Jinxbite                 Hex            0%         N/A       65%         2
 Static Discharge         Conj/Air       0%         2-2/arc   65%         2
 Sublimation of Blood     Necr           0%         N/A       65%         2
 Gell's Gravitas          Tloc           0%         N/A       87%         3
 Teleport Other           Tloc           0%         N/A       87%         3
 Vampiric Draining        Necr           0%         2d6       87%         3
 Airstrike                Air            0%         2d(0-16)  99%         4
 Anguish                  Hex/Necr       0%         N/A       99%         4
 Passage of Golubria      Tloc           0%         N/A       99%         4
 Petrify                  Tmut/Erth      0%         N/A       99%         4
 Agony                    Necr           0%         N/A       100%        5
 Irradiate                Conj/Tmut      0%         3d11      100%        5
 Yara's Violent Unravell  Hex/Tmut       0%         3d3       100%        5
 Dispersal                Tloc           0%         N/A       100%        6
 Tukima's Dance           Hex            Unusable   N/A       N/A         3
 Summon Lightning Spire   Summ/Air       Unusable   N/A       N/A         4

Dungeon Overview and Level Annotations

Branches:
Dungeon (9/15) Zot: 1394   Temple (1/1) D:6 Zot: 572    Lair (2/5) D:9 Zot: 507
 Shoals (0/4) Lair:2        Sewer (visited)
  Snake: Lair:2-3    Spider: Lair:2-3       Orc: D:9-12

Altars:
Ashenzari
Cheibriados
Dithmenos
Fedhas
Gozag
Hepliaklqana
Kikubaaqudgha
Makhleb
Okawaru
Qazlal
Sif Muna
Trog
Uskayaw
Vehumet
Wu Jian
Xom
Yredelemnul
Zin
The Shining One

Shops:
D:1 !

Annotations:
D:9 1 transporter


Innate Abilities, Weirdness & Mutations

You are a hulking beast.
Your limbs bulge with bestial killing power. (Slay +4)
You passively map the area around you.
You are easily found by Zot.
You glow in the dark.
You regain HP and MP as you explore.


Message History

The naga is heavily wounded.
You feel sick. The naga hits you with a +0 mace!
* * * LOW HITPOINT WARNING * * *
The naga constricts you.
* * * LOW HITPOINT WARNING * * *
The elephant tramples you!
* * * LOW HITPOINT WARNING * * *
You are held in place!
The elephant trunk-slaps you but does no damage.
You feel much better.
You feel sick. The naga barely misses you. x2
The naga constricts you.
* * * LOW HITPOINT WARNING * * *
The elephant misses you.
The elephant trunk-slaps you but does no damage.
You hit the naga.
The naga is severely wounded.
You feel sick. The naga completely misses you. The naga spits poison at you.
The splash of poison hits you but does no damage.
You are more poisoned.
The naga constricts you.
* * * LOW HITPOINT WARNING * * *
You closely miss the naga.
The naga is severely wounded.
You feel sick. The elephant tramples you.
* * * LOW HITPOINT WARNING * * *
You are held in place!
The elephant trunk-slaps you.
* * * LOW HITPOINT WARNING * * *
You punch the naga!
You kill the naga!
Okawaru accepts your kill.
You feel sick. The naga completely misses you. The naga constricts you.
* * * LOW HITPOINT WARNING * * *
The elephant tramples you.
* * * LOW HITPOINT WARNING * * *
You are held in place!
The elephant barely misses you.
Unknown command.
As you read the scroll of teleportation, it crumbles to dust.
You feel strangely unstable.
You feel sick. The naga hits you with a +0 mace!!
You die...

, ,, ,
,......................
...................... ,,
...................... ,
,...................... ,
...................... ,
***#####...................
* ,
P...##...#.............. *
,, .P...####...............
, *
.~....Nh##..............
*♣.♣..P))Y#.............. ,
* , ♣..###P...............
* * ♣~. ###..............
,*♣.! ............... ..
*##.............. . * *
##............. , , * , , ~
............. , , , * *
..##... .....


You could see an elephant and a naga (catching breath).

Vanquished Creatures
  Fannar (Lair:2)
  A two-headed ogre (D:8)
  3 elephants
  A black mamba (Lair:2)
  2 cane toads (Lair:1)
  A rime drake (Lair:2)
  4 komodo dragons (Lair:1)
  A blink frog (Lair:1)
  A wyvern (D:7)
  Eustachio (D:4)
  6 yaks
  3 basilisks
  A steam dragon (D:7)
  2 nagas (Lair:2)
  4 water moccasins
  An orc warrior (D:8)
  3 black bears
  3 wolves (Lair:2)
  2 centaurs (D:8)
  3 kobold brigands
  2 scorpions
  5 bullfrogs
  A gnoll sergeant (D:8)
  4 wights (D:7)
  6 killer bees (D:9)
  3 howler monkeys (D:7)
  3 hounds
  An orc priest (D:8)
  A sleepcap (D:7)
  2 iguanas
  An orc wizard (D:8)
  12 adders
  5 gnolls (D:8)
  3 river rats (Sewer)
  3 shadow imps
  An ufetubus (D:4)
  3 worms
  4 dart slugs
  5 orcs
  9 ball pythons
  5 endoplasms
  5 giant cockroaches
  5 goblins
  5 hobgoblins
  4 jackals
  3 quokkas (D:1)
  A bat (D:1)
  11 frilled lizards
  8 kobolds
  10 rats
175 creatures vanquished.

Vanquished Creatures (others)
  An orc (D:7)
1 creature vanquished.

Grand Total: 176 creatures vanquished

Notes
Turn   | Place    | Note
-------+----------+-------------------------------------------
     0 | D:1      | lunkers the Meteoran Shapeshifter began the quest for the
                  | Orb.
     0 | D:1      | Reached XP level 1. HP: 16/16 MP: 2/2
    95 | D:1      | Reached XP level 2. HP: 23/23 MP: 3/3
    98 | D:1      | Reached skill level 4 in Unarmed Combat
    98 | D:1      | Found Wibydwaorph's Distillery.
   277 | D:2      | Found the +7 staff of the Meek {protect, meekguard}
   283 | D:2      | Reached XP level 3. HP: 28/28 MP: 4/4
   448 | D:2      | Found a faded altar of an unknown god.
   565 | D:2      | Reached XP level 4. HP: 34/35 MP: 5/5
   624 | D:2      | Reached skill level 5 in Unarmed Combat
  1248 | D:4      | Reached XP level 5. HP: 21/40 MP: 6/6
  1303 | D:4      | Noticed a black bear
  1317 | D:4      | Killed a black bear
  1318 | D:4      | Reached skill level 6 in Unarmed Combat
  1318 | D:4      | Reached skill level 5 in Shapeshifting
  1318 | D:4      | Reached XP level 6. HP: 19/47 MP: 7/7
  1449 | D:4      | Reached skill level 7 in Unarmed Combat
  1456 | D:4      | Reached XP level 7. HP: 46/52 MP: 8/8
  1586 | D:4      | Noticed Eustachio
  1601 | D:4      | Killed Eustachio
  1630 | D:4      | Found a glowing drain.
  1655 | D:4      | Reached skill level 8 in Unarmed Combat
  1695 | Sewer    | Entered a sewer
  1876 | Sewer    | Reached XP level 8. HP: 38/59 MP: 9/9
  2108 | Sewer    | Glimpsed the power of Zot.
  2149 | D:4      | You fall into a shaft and drop 2 floors!
  2158 | D:6      | Found a staircase to the Ecumenical Temple.
  2182 | D:6      | Reached skill level 11 in Unarmed Combat
  2182 | D:6      | Gained mutation: You passively map the area around you.
                  | [Meteoran growth]
  2182 | D:6      | Reached XP level 9. HP: 5/79 MP: 10/10
  2182 | D:6      | HP: 2/79 [poisoned by a kobold]
  2197 | Temple   | Entered the Ecumenical Temple
  2219 | Temple   | Became a worshipper of Warmaster Okawaru
  2369 | D:6      | Reached skill level 12 in Unarmed Combat
  2646 | D:7      | Noticed a +0 dagger
  2646 | D:7      | Noticed a +0 short sword
  2662 | D:7      | Noticed a +0 falchion
  2662 | D:7      | Noticed a +0 falchion
  2662 | D:7      | Noticed a +0 dagger
  2662 | D:7      | Noticed a +0 spear
  2662 | D:7      | Noticed a +0 short sword
  2684 | D:7      | Noticed a +0 spear
  2691 | D:7      | Found a hide-covered altar of Uskayaw.
  2716 | D:7      | Reached * piety under Okawaru
  2894 | D:7      | Reached skill level 1 in Invocations
  2894 | D:7      | Reached XP level 10. HP: 69/88 MP: 11/11
  2904 | D:7      | Upgraded the game from 0.31-a0-795-g5eb97db20b to
                  | 0.31-a0-806-g0bc164a743
  3026 | D:8      | Found a bloodstained altar of Trog.
  3111 | D:8      | Found a shadowy altar of Dithmenos.
  3266 | D:8      | Reached ** piety under Okawaru
  3385 | D:8      | Found a glowing golden altar of the Shining One.
  3495 | D:8      | Noticed a two-headed ogre
  3505 | D:8      | Killed a two-headed ogre
  3505 | D:8      | Reached *** piety under Okawaru
  3506 | D:8      | Reached skill level 13 in Unarmed Combat
  3566 | D:9      | Found a transporter.
  3566 | D:9      | Found a transporter.
  3599 | D:9      | Noticed an elephant
  3600 | D:9      | Found a staircase to the Lair.
  3623 | D:9      | Found a blossoming altar of Fedhas.
  3623 | D:9      | Found an ancient bone altar of Kikubaaqudgha.
  3644 | D:9      | Killed an elephant
  3693 | D:9      | Found a basalt altar of Yredelemnul.
  3727 | D:9      | Found a hazy altar of Hepliaklqana.
  3858 | D:9      | Found a broken altar of Ashenzari.
  3863 | D:9      | Found a stormy altar of Qazlal.
  3911 | Lair:1   | Entered Level 1 of the Lair of Beasts
  3928 | Lair:1   | Noticed a komodo dragon
  3937 | Lair:1   | Killed a komodo dragon
  3938 | Lair:1   | Reached XP level 11. HP: 32/94 MP: 11/14
  3941 | Lair:1   | Reached **** piety under Okawaru
  4395 | Lair:2   | Noticed Fannar
  4404 | Lair:2   | Killed Fannar
  4404 | Lair:2   | Reached ***** piety under Okawaru
  4405 | Lair:2   | Reached skill level 14 in Unarmed Combat
  4421 | Lair:2   | Noticed a black mamba
  4428 | Lair:2   | Killed a black mamba
  4429 | Lair:2   | Reached skill level 5 in Invocations
  4482 | Lair:2   | Found a staircase to the Shoals.
  4540 | Lair:2   | Received a gift from Okawaru
  4583 | Lair:2   | Reached XP level 12. HP: 100/104 MP: 16/16
  4617 | Lair:2   | Reached skill level 10 in Shapeshifting
  4640 | Lair:2   | Mangled by a naga

Illustrated notes

Levels and vault maps discovered:
D:1:      amcnicky_arrival_single_pillar, layout_basic, serial_shops, shop
D:2:      layout_loops_ring, shapermc_ecumenical_altar_ellora, minmay_bisected
D:3:      layout_basic
D:4:      minmay_angry_zag, layout_basic, gup_sewer_entry_glass,
          minmay_misc_feat_room, uniq_eustachio
D:6:      layout_basic, minmay_temple_entry_large_hall
D:7:      layout_loops_ring, nicolae_uskayaw_en_pointe, kennysheep_mini
D:8:      kennysheep_blocky_hall, layout_loops_ring,
          mainiacjoe_overflow_alcove_2, lightli_temple_of_fire,
          nicolae_dithmenos_the_darkroom
D:9:      layout_big_octagon, grunt_temple_overflow_growth_and_decay,
          mainiacjoe_overflow_paths, mainiacjoe_overflow_alcove_1,
          mainiacjoe_overflow_big_doors, david_lair_generic,
          nicolae_diode_stairs
Temple:   nicolae_temple_ecumenical_triangle
Lair:1:   layout_cave_pods
Lair:2:   layout_cave_shapes, shoals_dummy_entry, alex1729_snake_entry_snake,
          bobbens_dragon_lair_wall, uniq_fannar

Skill      XL: |  1  2  3  4  5  6  7  8  9 10 11 12 |
---------------+-------------------------------------+-----
Unarmed Combat | 4 5 6 7 8 11 12 13 14 | 14.5
Shapeshifting  | 4 5 6 8 9 10 | 10.1
Fighting       | 7 8 9 |  9.1
Dodging        | 7 8 9 |  9.3
Invocations    | 1 3 5 |  5.6

Action                     |  1- 3 |  4- 6 |  7- 9 | 10-12 || total
---------------------------+-------+-------+-------+-------++-------
  Melee: Unarmed           |    71 |    99 |   193 |   209 ||   572
         Punch             |     3 |     3 |     7 |    19 ||    32
 Invoke: Heroism           |       |       |       |    10 ||    10
    Use: Potion            |       |       |     5 |     1 ||     6
         Scroll            |       |       |     8 |     8 ||    16
 Armour: Animal skin       |     8 |       |       |       ||     8
         Ring mail         |    18 |    61 |   135 |   131 ||   345
         Skin              |       |       |     3 |       ||     3
  Dodge: Dodged            |    27 |    46 |   123 |   153 ||   349

Table legend: (Time is in decaauts)
 A = Elapsed time spent in this place.
 B = Non-inter-level travel time spent in this place.
 C = Inter-level travel time spent in this place.
 D = Time resting spent in this place.
 E = Time spent auto-exploring this place.
 F = Levels seen in this place.
 G = Mean time per level.
                   A        B        C        D        E       F      G
               +--------+--------+--------+--------+--------+-----+--------+
         Total |   4628 |   4420 |    208 |     18 |   3121 |  12 |  385.7 |
       Dungeon |   3405 |   3238 |    167 |      0 |   2394 |   8 |  425.6 |
        Temple |     27 |     23 |      4 |      0 |      0 |   1 |   27.0 |
          Lair |    691 |    655 |     36 |      0 |    455 |   2 |  345.5 |
         Sewer |    503 |    503 |      0 |     18 |    272 |   1 |  503.0 |
               +--------+--------+--------+--------+--------+-----+--------+

Top non-repeatable levels by time:
     D:8: 604 daAuts
     D:2: 538 daAuts
   Sewer: 503 daAuts
     D:4: 490 daAuts
     D:6: 465 daAuts
  Lair:1: 442 daAuts
     D:3: 412 daAuts
     D:9: 334 daAuts
     D:7: 291 daAuts
     D:1: 268 daAuts
  Lair:2: 248 daAuts
  Temple: 27 daAuts
